[Event "*** Titled Tuesday Blitz"]
[Site "Chess.com"]
[Date "2020.11.24"]
[Round "11"]
[White "champ2005"]
[Black "Jumbo"]
[Result "1-0"]
[WhiteElo "3021"]
[BlackElo "2848"]
[TimeControl "180+1"]
[EndTime "12:24:35 PST"]
[Termination "champ2005 won on time"]

1. c4 e5 2. Nc3 Nf6 3. g3 d5 4. cxd5 Nxd5 5. Bg2 Nb6 6. Nf3 Nc6 7. O-O Be7 8. d3 O-O 9. a3 a5 10. b3 Be6 11. Bb2 f5 12. Rc1 Kh8 13. Nd2 Bf6 14.
Na4 Nd5 15. Nc5 Bc8 16. e4 Nde7 17. exf5 Nxf5 18. Re1 Nfd4 19. Bxd4 Nxd4 20. Nxb7 Bxb7 21. Bxb7 Rb8 22. Bg2 Bg5 23. Rc3 Nb5 24. Rc5 Qxd3 25. Ne4 Qxd1 26. Rxd1 Be7 27. Rxe5 Bxa3 28. h4 Bb4 29. h5 h6 30. Rd7 Rfe8 31. Rf5 Rf8 32. Bh3 Rxf5 33. Bxf5 Nd6 34. Nxd6 Bxd6 35. Kg2 Re8 36.
Bg6 Rf8 37. f4 Kg8 38. Kf3 Rb8 39. Kg4 Kf8 40. Bf7 Rc8 41. Be6 Re8 42. Rf7+ Kg8 43.
Bc4 Kh8 44. Rf5 Ra8 45. Rb5 1-0

[Event "*** Titled Tuesday Blitz"]
[Site "Chess.com"]
[Date "2020.11.24"]
[Round "11"]
[White "tteshan"]
[Black "The_Machine04"]
[Result "1-0"]
[WhiteElo "2386"]
[BlackElo "2484"]
[TimeControl "180+1"]
[EndTime "12:24:35 PST"]
[Termination "tteshan won on time"]

1. e4 d6 2. d4 Nf6 3. Nc3 e5 4. d5 c6 5. Be2 cxd5 6. exd5 Be7 7. Be3 O-O 8. Nf3 Nbd7 9. h3 a6 10. O-O b5 11. a3 Nb6 12. Nh2 Bb7 13. Bf3 Rc8 14. a4 b4 15. Bxb6 Qxb6 16. a5 Qc5 17.
Na4 Qxc2 18. Nb6 Qxd1 19. Rfxd1 Rc5 20. Ng4 Nxg4 21. hxg4 Re8 22. Ra4 Bd8 23. Rxb4 Be7 24. Nc4 Bc8 25. b3 Bd7 26. Rb6 Rb5 27. Rxa6 Rxb3 28.
Nxd6 Rd8 29. Nf5 Bf8 30. Ra7 g6 31. Ne3 Bb5 32. Rc1 Ra3 33. Rcc7 Be8 34. g3 Bb4 35. a6 Bc3 36. Nc2 1-0

[Event "*** Titled Tuesday Blitz"]
[Site "Chess.com"]
[Date "2020.11.24"]
[Round "11"]
[White "OsorioFernando"]
[Black "Mikhail_Golubev"]
[Result "0-1"]
[WhiteElo "2367"]
[BlackElo "2572"]
[TimeControl "180+1"]
[EndTime "12:24:36 PST"]
[Termination "Mikhail_Golubev won by resignation"]

1. e4 c5 2. Nc3 g6 3. g3 Bg7 4.
Bg2 Nc6 5. d3 e6 6. Be3 d6 7.
Qd2 Nd4 8. Nd1 h5 9. c3 Nc6 10. h3 Nge7 11. Ne2 b6 12. O-O Ba6 13. f4 d5 14. e5 Rc8 15. Bf2 d4 16. c4 Nf5 17. a3 O-O 18. b4 Bb7 19. Qe1 Ne3 20.
Nxe3 dxe3 21. Bxe3 Qxd3 22. Qf2 cxb4 23. axb4 Qxc4 24.
Rfc1 Qxb4 25. Nd4 Nxd4 26. Bxb7 Rxc1+ 27. Rxc1 Nf5 28. g4 hxg4 29. hxg4 Nxe3 30. Qxe3 Rd8 31.
Be4 Bf8 32. f5 Bc5 33. Rxc5 Qxc5 34. Qxc5 bxc5 35. fxg6 fxg6 36. Bxg6 Rd4 37. Bh5 a5 38.
Kf2 a4 39. g5 a3 0-1

[Event "*** Titled Tuesday Blitz"]
[Site "Chess.com"]
[Date "2020.11.24"]
[Round "11"]
[White "dretch"]
[Black "GigaQuparadze"]
[Result "0-1"]
[WhiteElo "2819"]
[BlackElo "2876"]
[TimeControl "180+1"]
[EndTime "12:24:37 PST"]
[Termination "GigaQuparadze won by resignation"]

1. d4 Nf6 2. c4 e6 3. Nc3 Bb4 4.
Qc2 Nc6 5. Nf3 d6 6. Bd2 O-O 7. a3 Ba5 8. b4 Nxb4 9. axb4 Bxb4 10. e3 b6 11. Bd3 Bb7 12. Ne4 Bxd2+ 13. Nfxd2 h6 14.
O-O Nd7 15. Nc3 a5 16. Bh7+ Kh8 17. Be4 c6 18. f4 d5 19. Bf3 dxc4 20. Nxc4 Ba6 21. Ne2 Rc8 22. Rfd1 Nf6 23. e4 Nd5 24. Rac1 Bxc4 25. exd5 cxd5 26. Qd2 b5 27. Ng3 b4 28. f5 b3 29. Ra1 Ra8 30. Re1 a4 31. fxe6 fxe6 32.
Rxe6 Rf6 33. Rxf6 Qxf6 34. Ra3 Rb8 35. Qb2 Qf4 36. Nf1 Re8 37. Qd2 Qh4 38. Ng3 Bb5 39. Bd1 Qe7 40. Bxb3 Qxa3 41. Bxd5 Qe3+ 42. Qxe3 Rxe3 43.
Nf5 Re1+ 44. Kf2 Rf1+ 45. Ke3 Rxf5 46. Be4 a3 47. Bxf5 a2 0-1

[Event "*** Titled Tuesday Blitz"]
[Site "Chess.com"]
[Date "2020.11.24"]
[Round "11"]
[White "ajedrezhoy"]
[Black "Ladislav1969"]
[Result "0-1"]
[WhiteElo "2219"]
[BlackElo "2334"]
[TimeControl "180+1"]
[EndTime "12:24:37 PST"]
[Termination "Ladislav1969 won on time"]

1. b3 Nf6 2. Bb2 g6 3. g3 Bg7 4. Bg2 O-O 5. Nf3 d5 6. c4 c5 7. cxd5 Nxd5 8. Bxg7 Kxg7 9. Qc1 b6 10. Qb2+ f6 11. d4 Na6 12. O-O Bb7 13. Rd1 Qc7 14.
Na3 Rac8 15. Rac1 Qb8 16. dxc5 Nxc5 17. Nd4 Nc7 18. Bh3 Rcd8 19. b4 N5a6 20. Qc3 Bd5 21. Rd3 Bxa2 22. Qb2 Bf7 23. Nc6 Rxd3 24. Nxb8 Rb3 25.
Qxb3 Bxb3 26. Nxa6 Nxa6 27. Nb5 Rd8 28. Nxa7 Nxb4 29. Rc7 Rd1+ 30. Kg2 Kf7 31. Nc8 Nd5 32. Ra7 Rd2 0-1

[Event "*** Titled Tuesday Blitz"]
[Site "Chess.com"]
[Date "2020.11.24"]
[Round "11"]
[White "Marina_Chess_Rus"]
[Black "cukin84"]
[Result "0-1"]
[WhiteElo "2263"]
[BlackElo "2166"]
[TimeControl "180+1"]
[EndTime "12:24:37 PST"]
[Termination "cukin84 won on time"]

1. d4 f5 2. c4 Nf6 3. Nc3 g6 4. g3 Bg7 5. Bg2 O-O 6. Nf3 d6 7. O-O Qe8 8. d5 a5 9. Be3 Na6 10. Bd4 c5 11. Be3 Ng4 12. Bd2 h6 13. Rc1 Kh7 14. h3 Ne5 15. b3 Nc7 16. Ne1 g5 17.
f4 gxf4 18. gxf4 Ng6 19. Nf3 Rg8 20. Kh2 Qf7 21. Rg1 Bd7 22. Qe1 Bf6 23. Qf2 b5 24.
Bh1 bxc4 25. bxc4 Rab8 26. Rb1 Rb4 27. Rxb4 axb4 28. Nd1 Ra8 29. h4 Rxa2 30. Bc1 Ba4 31. Bg2 Bc2 32. h5 Nf8 33. Bh3 Bd3 34. Qg3 Rxe2+ 35.
Kh1 Be4 36. Nf2 Qg7 37. Nxe4 fxe4 38. Bf5+ Kh8 39. Qh3 Qf7 40. Nh4 Bxh4 41. Qxh4 Qxf5 42. Qg3 Qxh5+ 0-1

[Event "*** Titled Tuesday Blitz"]
[Site "Chess.com"]
[Date "2020.11.24"]
[Round "11"]
[White "Szparu"]
[Black "QuintilianoR"]
[Result "0-1"]
[WhiteElo "2516"]
[BlackElo "2659"]
[TimeControl "180+1"]
[EndTime "12:24:38 PST"]
[Termination "QuintilianoR won on time"]

1. e4 c5 2. Nf3 d6 3. c3 Nf6 4. h3 Nc6 5. Bd3 d5 6. e5 Nd7 7. Qe2 c4 8. Bc2 Nc5 9. b3 b5 10. Bb2 e6 11. O-O Rb8 12. b4 Ne4 13. a4 a6 14. axb5 axb5 15. d3 Ng5 16. Nxg5 Qxg5 17. f4 Qd8 18. d4 g6 19. Nd2 Be7 20. Nf3 h6 21. g4 h5 22. Kg2 Bd7 23. Rf2 Qc7 24. Bc1 Qb7 25. f5 hxg4 26. hxg4 gxf5 27. gxf5 exf5 28. Ng5 Rg8 29. Qh5 Bxg5 30. Bxg5 Be6 31. Kf1 Ra8 32. Rxa8+ Qxa8 33. Bxf5 Qa1+ 34. Kg2 Qc1 35.
Bxe6 Rxg5+ 0-1

[Event "*** Titled Tuesday Blitz"]
[Site "Chess.com"]
[Date "2020.11.24"]
[Round "11"]
[White "barriochess"]
[Black "Brave_spirit12"]
[Result "1-0"]
[WhiteElo "2386"]
[BlackElo "2481"]
[TimeControl "180+1"]
[EndTime "12:24:39 PST"]
[Termination "barriochess won by resignation"]

1. d4 Nf6 2. c4 e6 3. Nf3 d5 4. g3 Be7 5. Bg2 O-O 6. O-O c5 7. cxd5 exd5 8. Nc3 Nc6 9. Bg5 Be6 10.
dxc5 Bxc5 11. Rc1 Be7 12. Nd4 Qb6 13. Nxe6 fxe6 14. Na4 Qa5 15. Bh3 e5 16. Bxf6 Rxf6 17. a3 d4 18. b4 Qd8 19. Nc5 Bxc5 20. Rxc5 Qd6 21. Bg2 Raf8 22. Qb3+ Kh8 23. Be4 a5 24. Rb5 axb4 25. axb4 Qe7 26. Qb1 h5 27. h4 Qf7 28. f3 Qd7 29. Kg2 Qe7 30. Rc5 Nd8 31. Rfc1 b6 32. Rc7 Qd6 33. b5 Qa3 34. Qd3 Qb2 35. R1c2 Qa1 36. Re7 Ne6 37. Rc6 Qe1 38. Rcxe6 Rxe6 39. Rxe6 Rc8 40. Rxe5 g6 41. Re7 Rc1 42.
Qxd4+ 1-0

[Event "*** Titled Tuesday Blitz"]
[Site "Chess.com"]
[Date "2020.11.24"]
[Round "11"]
[White "Arseniy_Nesterov"]
[Black "SpasKozhuharov"]
[Result "0-1"]
[WhiteElo "2793"]
[BlackElo "2691"]
[TimeControl "180+1"]
[EndTime "12:24:41 PST"]
[Termination "SpasKozhuharov won by resignation"]

1. d4 d5 2. c4 e6 3. Nf3 c6 4.
g3 Nf6 5. Bg2 Nbd7 6. O-O Bd6 7.
Qc2 Ne4 8. Nc3 f5 9. Nxe4 fxe4 10. Ng5 Nf6 11. f3 exf3 12. Rxf3 Qe7 13. Bf4 Bxf4 14. Rxf4 e5 15. dxe5 Qxe5 16. h4 Qe3+ 17. Kh2 Ng4+ 18. Rxg4 Bxg4 19. cxd5 cxd5 20. Bxd5 Rc8 21. Qa4+ Bd7 22.
Bf7+ Kd8 23. Rd1 Qxe2+ 24. Kh1 b5 25. Qd4 Rc7 26. Ne6+ Kc8 27. Nxc7 Rd8 28. Nd5 Bc6 29. Rc1 Kb7 30. Rxc6 Qf1+ 31. Kh2 Qxf7 32. Rc7+ Qxc7 33. Qe4 Qc6 34. Qe7+ Rd7 35. Nf4 Rxe7 0-1

[Event "*** Titled Tuesday Blitz"]
[Site "Chess.com"]
[Date "2020.11.24"]
[Round "11"]
[White "Triumphmate"]
[Black "GAusal"]
[Result "1-0"]
[WhiteElo "2405"]
[BlackElo "2039"]
[TimeControl "180+1"]
[EndTime "12:24:41 PST"]
[Termination "Triumphmate won on time"]

1. e4 c5 2. Nf3 d6 3. d4 cxd4 4. Nxd4 Nf6 5. Nc3 a6 6. f4 Nc6 7. Nf3 e6 8. Bd3 Be7 9. O-O O-O 10. Kh1 b5 11. a3 Bb7 12. Qe1 Qc7 13. Bd2 Rac8 14.
Qg3 Na5 15. Rae1 Nc4 16. Bc1 e5 17. fxe5 Nxe5 18. Nxe5 dxe5 19. Bh6 Ne8 20. Bd2 Qd6 21. Qh3 Bf6 22. Nd5 Bd8 23. Bb4 Qg6 24. Bxf8 Kxf8 25. Rf3 f6 26. Ref1 Kg8 27. Qd7 Qf7 28. Qg4 Rc5 29.
Ne3 Bc8 30. Nf5 Kh8 31. Qh4 g5 32. Qh6 Be6 33. Rh3 Rc7 34. Rhf3 Rb7 35. Ne3 Bb6 36. Nd5 1-0

[Event "*** Titled Tuesday Blitz"]
[Site "Chess.com"]
[Date "2020.11.24"]
[Round "11"]
[White "ARTHURMOTIVATOR"]
[Black "amatatanav"]
[Result "0-1"]
[WhiteElo "2271"]
[BlackElo "2386"]
[TimeControl "180+1"]
[EndTime "12:24:43 PST"]
[Termination "amatatanav won by resignation"]

1. e4 c5 2. b3 g6 3. Bb2 Nf6 4. e5 Nd5 5. Nf3 Bg7 6. d4 Qa5+ 7. c3 cxd4 8. Qxd4 Nc6 9. Qe4 f5 10. exf6 Nxf6 11. Qc2 e5 12. Nbd2 d5 13. b4 Qc7 14.
b5 Ne7 15. c4 d4 16. Bd3 Bf5 17. O-O e4 18. Nxe4 Nxe4 19. Bxe4 d3 20. Bxd3 Bxd3 21.
Bxg7 Bxc2 22. Bxh8 O-O-O 23. Rfe1 Rxh8 24. Rac1 Bf5 25. Nd4 Rd8 26. Nb3 b6 27. c5 Kb8 28. cxb6 Qd6 29. bxa7+ Kxa7 30. a4 Qb4 31. Nc5 Nd5 32. h3 Nc3 33. Re7+ Kb6 34. a5+ Kxc5 35. Rc7+ Kd4 36. b6 Ne2+ 37. Kh2 Nxc1 38. Rxc1 Qd6+ 39. g3 Bd3 40. Rd1 Qd5 41. b7 Qxb7 42. h4 Qa6 43.
Rd2 Qxa5 44. Rd1 Qd5 45. Rd2 Qf3 46. Kg1 Re8 47. Kh2 Re1 0-1

[Event "*** Titled Tuesday Blitz"]
[Site "Chess.com"]
[Date "2020.11.24"]
[Round "11"]
[White "LPSupi"]
[Black "Orest_Vovk"]
[Result "1-0"]
[WhiteElo "2896"]
[BlackElo "2536"]
[TimeControl "180+1"]
[EndTime "12:24:44 PST"]
[Termination "LPSupi won by checkmate"]

1. e4 g5 2. d4 g4 3. Nc3 Bg7 4. Be3 h5 5. h3 d6 6. hxg4 hxg4 7. Rxh8 Bxh8 8. Nge2 c6 9. Ng3 Qb6 10. a3 Nf6 11. Be2 Qa5 12. Qd2 b5 13. f4 gxf3 14.
gxf3 Nbd7 15. Kf2 Kd8 16. Rh1 Bg7 17. Nf5 Bf8 18. Rh8 Ne8 19. Bh6 Bxh6 20. Nxh6 Nf6 21.
Nxf7+ Kd7 22. e5 Nd5 23. b4 Qxa3 24. Nxd5 cxd5 25. Bxb5+ Ke6 26. Ng5+ Kf5 27. Bd3+ Qxd3 28. Qxd3+ Kxg5 29. Rg8+ Kf4 30. Qe3+ Kf5 31. exd6 Nxd6 32.
Rg5+ Kf6 33. Qe5+ Kf7 34. Rg7+ Kf8 35. Qxe7# 1-0

[Event "*** Titled Tuesday Blitz"]
[Site "Chess.com"]
[Date "2020.11.24"]
[Round "11"]
[White "AldokhinIvan"]
[Black "elohunter1999"]
[Result "1-0"]
[WhiteElo "2509"]
[BlackElo "2556"]
[TimeControl "180+1"]
[EndTime "12:24:44 PST"]
[Termination "AldokhinIvan won on time"]

1. e4 c5 2. Nf3 g6 3. d4 cxd4 4. Nxd4 Nc6 5. Nc3 Bg7 6. Be3 Nf6 7. Bc4 O-O 8. Bb3 d6 9. h3 Bd7 10. O-O Na5 11. Qd3 a6 12. Rae1 Nxb3 13. axb3 b5 14. Bg5 Rc8 15. Nd5 Nxd5 16. exd5 Re8 17. Re4 Qb6 18. c3 Rc5 19. c4 bxc4 20. bxc4 Qxb2 21. Rb1 Qa2 22. Nb3 Bf5 23. Nxc5 dxc5 24. Rxe7 Rxe7 25.
Rb8+ Bf8 26. Bh6 Qa1+ 27. Kh2 Qe5+ 28. Qg3 Bc8 29. Qxe5 1-0

[Event "*** Titled Tuesday Blitz"]
[Site "Chess.com"]
[Date "2020.11.24"]
[Round "11"]
[White "Harry_Rakkel"]
[Black "nitpicker"]
[Result "1-0"]
[WhiteElo "2467"]
[BlackElo "2294"]
[TimeControl "180+1"]
[EndTime "12:24:45 PST"]
[Termination "Harry_Rakkel won on time"]

1. d4 Nf6 2. c4 e6 3. Nc3 Bb4 4. Qb3 c5 5. dxc5 Bxc5 6. Nf3 a6 7. Bg5 Be7 8. Rd1 Qc7 9. e4 d6 10. Be2 Nbd7 11. O-O b6 12. Rfe1 Bb7 13. Bf1 O-O 14. h3 h6 15. Bf4 Ne5 16. Nd2 Rac8 17.
Bh2 Ned7 18. a4 Rfd8 19. Qa2 Qb8 20. Qb1 Qa8 21. Re3 Bf8 22. Rde1 Bc6 23. Nb3 Nc5 24. Nxc5 bxc5 25. e5 dxe5 26. Bxe5 Nd7 27. Bf4 Qb7 28. Rg3 Kh8 29. Bd3 e5 30. Rxe5 Bd6 31. Bxh6 Bxe5 32. Bxg7+ Bxg7 33. Qd1 Nf6 34. Qd2 Be4 35. Qg5 Bg6 36.
Bxg6 fxg6 37. Qxg6 Qe7 38. Rg5 Kg8 39. f4 Qf7 40. Qc2 Qxc4 41. Qf5 1-0

[Event "*** Titled Tuesday Blitz"]
[Site "Chess.com"]
[Date "2020.11.24"]
[Round "11"]
[White "kakorrhaphiophobie"]
[Black "zurzan"]
[Result "1-0"]
[WhiteElo "2290"]
[BlackElo "2064"]
[TimeControl "180+1"]
[EndTime "12:24:46 PST"]
[Termination "kakorrhaphiophobie won by checkmate"]

1. e4 Nf6 2. e5 Nd5 3. d4 d6 4. Nf3 g6 5. h3 Bg7 6. c4 Nb6 7. exd6 cxd6 8. Be3 O-O 9. Nc3 Nc6 10. Rc1 e5 11.
Be2 f5 12. dxe5 dxe5 13. O-O Be6 14. Qxd8 Raxd8 15. Bxb6 axb6 16. Ng5 Bc8 17. Nd5 h6 18. Nf3 b5 19. cxb5 Be6 20. Nc7 Bf7 21. bxc6 bxc6 22. Bc4 Rc8 23. Ne6 Rfe8 24. Nxg7 Kxg7 25. Bxf7 Kxf7 26.
Rc5 e4 27. Ne5+ Kf6 28. Nc4 Re6 29. Rd1 f4 30. h4 g5 31. h5 e3 32. fxe3 fxe3 33.
Re1 Rd8 34. Rxe3 Rd1+ 35. Kh2 Rxe3 36. Nxe3 Rd2 37. Rxc6+ Kg7 38. Nf5+ Kf8 39. Rb6 g4 40. Nxh6 Rd5 41. Nxg4 Rxh5+ 42. Kg3 Ra5 43. a3 Rg5 44.
Kf4 Rc5 45. Rb7 Rc4+ 46. Kf5 Rc5+ 47. Ne5 Rc2 48. g4 Rf2+ 49. Ke6 Rd2 50. g5 Kg8 51. g6 Rd8 52. a4 Re8+ 53. Kf6 Rf8+ 54. Nf7 Re8 55. Nh6+ Kh8 56. Rh7# 1-0

[Event "*** Titled Tuesday Blitz"]
[Site "Chess.com"]
[Date "2020.11.24"]
[Round "11"]
[White "VerdeNotte"]
[Black "Sviridov_Valery"]
[Result "0-1"]
[WhiteElo "2901"]
[BlackElo "2853"]
[TimeControl "180+1"]
[EndTime "12:24:47 PST"]
[Termination "Sviridov_Valery won by resignation"]

1. e4 Nf6 2. e5 Nd5 3. d4 d6 4. c4 Nb6 5. f4 dxe5 6. fxe5 Nc6 7. Be3 Bf5 8. Nc3 e6 9. Nf3 Qd7 10. Be2 O-O-O 11. O-O Bg4 12. c5 Nd5 13. Nxd5 Qxd5 14. b4 f6 15. b5 Qe4 16. Qc1 Nb4 17. exf6 gxf6 18. Rb1 Nd5 19. Rb3 Rg8 20. Rf2 Kb8 21. Nd2 Qg6 22. Bxg4 Qxg4 23. Nf3 Nxe3 24. Qxe3 e5 25. b6 axb6 26. cxb6 cxb6 27. Rxb6 exd4 28. Rxb7+ Kxb7 29. Qb3+ Kc6 30. Rc2+ Bc5 31. Qa4+ Kd6 32. Qa6+ Ke7 33. Re2+ Kf7 34. Qc4+ Kg7 35. Qxc5 Kh8 36.
Rf2 d3 37. Qc3 Qf4 38. h3 Rd6 39. Nd2 Qe5 40. Qc1 Qe3 41. Qf1 Rd5 42. Kh1 Rc5 43. Nf3 Rc1 44. Kh2 Rxf1 45. Rxf1 d2 46. Rd1 Qe2 47.
Rxd2 Rxg2+ 0-1

[Event "*** Titled Tuesday Blitz"]
[Site "Chess.com"]
[Date "2020.11.24"]
[Round "11"]
[White "GregShahade"]
[Black "Artyom_ChessMate"]
[Result "0-1"]
[WhiteElo "2693"]
[BlackElo "2540"]
[TimeControl "180+1"]
[EndTime "12:24:48 PST"]
[Termination "Artyom_ChessMate won by resignation"]

1. e4 c5 2. Nf3 d6 3. d4 cxd4 4.
Nxd4 Nf6 5. Nc3 g6 6. Be3 Bg7 7. f3 O-O 8. Qd2 Nc6 9. O-O-O d5 10. Qe1 e5 11. Nxc6 bxc6 12. exd5 Nxd5 13. Bc4 Be6 14. Ne4 Qc7 15. Bc5 Rfd8 16. Qh4 h6 17. g4 Nf4 18.
Bxe6 Nxe6 19. Be3 Nf4 20. Rxd8+ Rxd8 21. Qf2 Qa5 22. Kb1 Nd5 23. Bd2 Qb5 24. b3 a5 25.
c4 Qb7 26. cxd5 cxd5 27. Nc5 Qe7 28. Rc1 Rc8 29. Nd3 Rxc1+ 30. Bxc1 e4 31. fxe4 dxe4 32. Ne1 Qe5 33. Bb2 e3 34. Qc2 Qf4 35. Bxg7 Kxg7 36. h3 Qf2 37. Qc3+ Kh7 38. Qxa5 Qd2 39. Qc7 Qxe1+ 40.
Kb2 Qf2+ 41. Kc1 e2 0-1

[Event "*** Titled Tuesday Blitz"]
[Site "Chess.com"]
[Date "2020.11.24"]
[Round "11"]
[White "Satscho"]
[Black "ShahMatKanal"]
[Result "1-0"]
[WhiteElo "2376"]
[BlackElo "2499"]
[TimeControl "180+1"]
[EndTime "12:24:48 PST"]
[Termination "Satscho won by checkmate"]

1. e4 c5 2. Nf3 d6 3. d4 Nf6 4.
Nc3 cxd4 5. Nxd4 g6 6. Be2 Bg7 7. Be3 O-O 8. Qd2 Ng4 9. Bxg4 Bxg4 10. f3 Be6 11. O-O-O Nc6 12. h4 Ne5 13. b3 Qa5 14.
Kb1 Rfc8 15. Nd5 Qa3 16. Nxe7+ Kf8 17. Nxc8 Nc4 18. bxc4 Bxc4 19. c3 Rxc8 20. Qb2 Qa6 21. Rd2 b5 22. Qb4 Kg8 23. h5 Qb7 24. hxg6 hxg6 25.
Bh6 a5 26. Qxd6 b4 27. cxb4 Bxh6 28. Rxh6 Kg7 29. Rh2 Bb5 30. Qe5+ f6 31. Qxb5 Qf7 32. Qd5 Qe7 33. Ne6+ Kg8 34. Ng5+ Kg7 35. Rh7+ Kf8 36. Rf7+ Qxf7 37. Qxf7# 1-0

[Event "*** Titled Tuesday Blitz"]
[Site "Chess.com"]
[Date "2020.11.24"]
[Round "11"]
[White "LiderChessAcademy"]
[Black "Margency"]
[Result "1-0"]
[WhiteElo "2587"]
[BlackElo "2672"]
[TimeControl "180+1"]
[EndTime "12:24:49 PST"]
[Termination "LiderChessAcademy won by resignation"]

1. d4 d5 2. c4 e6 3. Nf3 c5 4. g3 Nf6 5. Bg2 Be7 6. a3 dxc4 7. Qa4+ Bd7 8. Qxc4 Bc6 9. dxc5 O-O 10. b4 a5 11. Bb2 axb4 12. axb4 Rxa1 13. Bxa1 Bd5 14. Qf4 b6 15. O-O bxc5 16. bxc5 Bxc5 17. Nc3 Ba8 18.
Na4 Be7 19. Ne5 Bxg2 20. Kxg2 Qa5 21. Bc3 Qa8+ 22. Kg1 Nd5 23. Qc4 Nxc3 24. Nxc3 Bf6 25. Nd3 Nd7 26. Ne4 Rc8 27. Nxf6+ Nxf6 28. Qb3 Qe4 29.
Rc1 Rxc1+ 30. Nxc1 h5 31. Qd3 Qb4 32. Nb3 h4 33.
Kg2 Nd5 34. Nd4 hxg3 35. hxg3 Qb7 36. Nf3 Nf6 37. Qd8+ Kh7 38. Qd3+ g6 39. Kg1 Ne4 40. Qxe4 Qxe4 41. Ng5+ Kg7 42. Nxe4 1-0

[Event "*** Titled Tuesday Blitz"]
[Site "Chess.com"]
[Date "2020.11.24"]
[Round "11"]
[White "FearNoEvil12"]
[Black "gumimis"]
[Result "0-1"]
[WhiteElo "2151"]
[BlackElo "2285"]
[TimeControl "180+1"]
[EndTime "12:24:50 PST"]
[Termination "gumimis won by checkmate"]

1. e4 c5 2. Nc3 Nc6 3. f4 g6 4.
Nf3 Bg7 5. Bc4 e6 6. f5 Nge7 7.
fxg6 fxg6 8. d3 d5 9. Bb3 Nd4 10. O-O O-O 11. Bg5 Nxb3 12. axb3 d4 13. Ne2 e5 14. Qe1 h6 15. Qh4 Rxf3 16. Bxe7 Rxf1+ 17. Rxf1 Qc7 18. Bf6 Be6 19. Bxg7 Qxg7 20. Rf6 Rf8 21.
Rxf8+ Qxf8 22. Qg3 Qf6 23. h3 h5 24. Kh2 h4 25. Qe1 g5 26. Ng1 Qf4+ 27. Kh1 Kg7 28. Qe2 Kh6 29. Nf3 Qg3 30. Nh2 Qf4 31. Nf3 Kg6 32. Kg1 Qg3 33. Qf2 Qxf2+ 34. Kxf2 Kf6 35. Nd2 b5 36. Kf3 Kg6 37. g4 hxg3 38. Kxg3 Kf6 39. Nf3 Bf7 40. Kg4 Be6+ 41. Kg3 c4 42. bxc4 bxc4 43.
h4 gxh4+ 44. Nxh4 cxd3 45. cxd3 Bd7 46. Kf2 Kg5 47. Nf3+ Kf4 48. Ke2 Bg4 49. Kd2 Kxf3 50. b4 Kf2 51. Kc2 Be6 52. Kd2 a6 53. Kc2 Ke2 54. Kb2 Kxd3 55. Ka3 Kxe4 56. Ka4 d3 57. Ka5 Bc4 58. Kb6 d2 59. Kc5 d1=Q 60. Kxc4 Qc2# 0-1

[Event "*** Titled Tuesday Blitz"]
[Site "Chess.com"]
[Date "2020.11.24"]
[Round "11"]
[White "zocpoc71"]
[Black "Sjakkerntobi"]
[Result "1-0"]
[WhiteElo "2487"]
[BlackElo "2357"]
[TimeControl "180+1"]
[EndTime "12:24:53 PST"]
[Termination "zocpoc71 won by resignation"]

1. e4 e6 2. d4 d5 3. Nc3 Bb4 4. e5 Ne7 5. Bd2 b6 6. Nb5 Bxd2+ 7. Qxd2 Ba6 8. a4 O-O 9. f4 c5 10. c3 Nbc6 11. Nf3 Nf5 12. Bd3 cxd4 13. Nbxd4 Ncxd4 14. Nxd4 Bxd3 15. Qxd3 Nxd4 16. cxd4 Rc8 17. O-O Qe7 18. f5 exf5 19. Rxf5 Rc4 20. b3 Rc6 21. Raf1 Rh6 22. h3 Rg6 23. Qf3 Qe6 24. h4 Qe7 25. h5 Rc6 26. Qxd5 Rc2 27. e6 f6 28.
R5f2 Rc7 29. h6 g6 30. Rxf6 Rxf6 31. Rxf6 Rc1+ 32. Rf1 Rc8 33. Qe4 Rd8 34. Rf7 Qe8 35. Qe5 Rd5 1-0

[Event "*** Titled Tuesday Blitz"]
[Site "Chess.com"]
[Date "2020.11.24"]
[Round "11"]
[White "Shahinyan_ChessMood"]
[Black "Witik"]
[Result "1-0"]
[WhiteElo "2831"]
[BlackElo "2693"]
[TimeControl "180+1"]
[EndTime "12:24:55 PST"]
[Termination "Shahinyan_ChessMood won on time"]

1. e4 c6 2. d4 d5 3. exd5 cxd5 4. Bd3 Nc6 5. c3 g6 6. Nf3 Bg7 7. Bf4 f6 8. O-O Nh6 9. Re1 O-O 10. Bg3 Nf5 11. Nbd2 Nxg3 12. hxg3 e5 13. dxe5 fxe5 14. Bc2 e4 15. Nh2 Qb6 16. Re2 Kh8 17. Bb3 Rd8 18.
Qe1 Bf5 19. Ndf1 d4 20. g4 d3 21. Re3 Bd7 22. Rxe4 Re8 23. Rd1 Rxe4 24. Qxe4 Ne5 25. Ne3 Rf8 26. Rd2 Bc6 27. Qb4 Qd8 28. Nc4 Qg5 29.
Nxe5 Qxd2 30. Nf7+ Rxf7 31. Bxf7 Qe1+ 32. Nf1 d2 33. Bb3 h6 34. Qd6 Qe4 35. f3 Qe1 36. Qd8+ 1-0

[Event "*** Titled Tuesday Blitz"]
[Site "Chess.com"]
[Date "2020.11.24"]
[Round "11"]
[White "Kislov_Oleg"]
[Black "GameOverBro"]
[Result "0-1"]
[WhiteElo "2387"]
[BlackElo "2518"]
[TimeControl "180+1"]
[EndTime "12:24:55 PST"]
[Termination "GameOverBro won by resignation"]

1. e4 d6 2. d4 Nf6 3. Nc3 e5 4. dxe5 dxe5 5. Qxd8+ Kxd8 6. Bc4 Ke8 7. f3 c6 8. a4 Nbd7 9. Be3 a5 10. Nh3 Bc5 11. Ke2 Bxe3 12. Kxe3 Nb6 13. Bb3 Bxh3 14. gxh3 Nh5 15.
Ne2 g6 16. f4 exf4+ 17. Nxf4 Nxf4 18. Kxf4 Ke7 19. h4 h5 20. Rad1 Rad8 21. e5 Nd7 22.
Rd6 Nc5 23. Rhd1 Nxb3 24. cxb3 Rxd6 25. Rxd6 Rd8 26. Rf6 Rd4+ 27. Kg5 Rg4+ 28. Kh6 Rxh4 29. Kg7 Rb4 30. Rxf7+ Ke6 31. Rf3 g5 32. Kg6 g4 33.
Re3 h4 34. Kg5 g3 35. hxg3 hxg3 36. Rxg3 Kxe5 37. Rc3 Kd5 38. Kf6 Re4 39. Kf5 Re2 40.
Rd3+ Kc5 41. Rc3+ Kb4 42. Rd3 Rxb2 43. Rd7 Rxb3 44. Rxb7+ Kxa4 45. Rc7 Rc3 46. Ke4 c5 47. Rb7 Ka3 48. Kd5 a4 49. Kc6 Ka2 50. Kb5 Rb3+ 0-1

[Event "*** Titled Tuesday Blitz"]
[Site "Chess.com"]
[Date "2020.11.24"]
[Round "11"]
[White "kingofthenil"]
[Black "keepitcool9499"]
[Result "0-1"]
[WhiteElo "2759"]
[BlackElo "2649"]
[TimeControl "180+1"]
[EndTime "12:24:56 PST"]
[Termination "keepitcool9499 won on time"]

1. e4 e6 2. d4 d5 3. e5 c5 4.
c3 Nc6 5. Nf3 Bd7 6. Be2 f5 7. O-O Nh6 8. Bxh6 gxh6 9. Ne1 Bg7 10. Bh5+ Kf8 11. Nc2 Qb6 12. b3 Be8 13. Bxe8 Kxe8 14.
f4 cxd4 15. cxd4 Kd7 16. Nc3 Bf8 17. Kh1 Be7 18. g4 Raf8 19. gxf5 Rxf5 20. Na4 Qd8 21. Ne3 Rhf8 22. Nxf5 Rxf5 23. Rc1 Qf8 24. Qd3 Rxf4 25.
Qb5 Kc7 26. Qd3 Kd7 27. Nc3 Bg5 28. Rcd1 a6 29. Qxh7+ Kc8 30. Rxf4 Qxf4 31. Qd3 Nxd4 32. Rf1 Qxe5 33. Na4 Qe4+ 34. Qxe4 dxe4 35. Nc5 e3 36. Kg2 e2 37. Rb1 Bh4 38. Nd3 e5 39. Kh3 e4 40.
Rc1+ Kb8 41. Kxh4 exd3 0-1

[Event "*** Titled Tuesday Blitz"]
[Site "Chess.com"]
[Date "2020.11.24"]
[Round "11"]
[White "alexrustemov"]
[Black "Gerodot71"]
[Result "1-0"]
[WhiteElo "2643"]
[BlackElo "2481"]
[TimeControl "180+1"]
[EndTime "12:24:56 PST"]
[Termination "alexrustemov won by resignation"]

1. c4 e5 2. g3 Nf6 3. Bg2 c6 4. Nf3 e4 5. Nd4 Qb6 6. e3 d5 7. cxd5 cxd5 8. d3 Nc6 9. Nxc6 bxc6 10. dxe4 Nxe4 11. O-O Be7 12. Qc2 O-O 13. Nc3 Nxc3 14. Qxc3 Bf6 15. Qc2 Ba6 16. Rd1 Rab8 17. Rb1 Bc8 18.
b3 Bg4 19. Rd2 Bh5 20. Bb2 Bg6 21. e4 Bxb2 22. Rxb2 Rfe8 23. Re2 Rbd8 24. h4 h5 25. b4 Qd4 26. Qd2 Qc4 27. exd5 Rxe2 28. Qxe2 Qc1+ 29.
Kh2 cxd5 30. Qd2 Qc4 31. b5 d4 32. Qa5 Rd7 33. Rd2 d3 34. Bc6 Rd6 35. Qxa7 Qb4 36. Qe3 Re6 37. Qf4 Qc5 38. a4 Re2 39. Kg2 Re1 40.
a5 Qc1 41. a6 Re2 42. Rxe2 Qxf4 43. Re8+ Kh7 44. gxf4 d2 45. Rd8 d1=Q 1-0